Map: [ESL] Royal Blood

Players

Rex

  • Race: Zerg Zerg
  • Spawn Location: 7:00

Jieshi - Winner!

  • Race: Protoss Protoss
  • Spawn Location: 1:00

Event: ESL SC2 Masters 2023 Summer (Regionals)

VOD

Have the link to the VOD?

Description

Time

  • Played on: May 3, 2023, 7:19 a.m.
  • Length: 15:19

All games in this series

Show
View Real Time Build Order
Export as new Build Order

Rex Zerg 

Build Orders: Hatch First 

Get SALT Encoding   

  12  0:00  Drone  
  13  0:12  Overlord  
  13  0:17  Drone  
  14  0:30  Drone  
  14  0:31  Drone  
  16  0:48  Hatchery  
  15  0:51  Drone  
  15  0:54  Drone  
  17  0:57  Drone  
  18  1:09  Extractor  
  17  1:13  Spawning Pool  
  17  1:16  Drone  
  17  1:19  Drone  
  18  1:28  Drone  
  19  1:38  Drone  
  20  1:49  Overlord  
  20  2:00  Queen x2  
  20  2:01  Zergling x4  
  26  2:13  Metabolic Boost  
  26  2:15  Drone x2  
  28  2:22  Drone x2  
  30  2:35  Hatchery  
  29  2:39  Zergling x2  
  29  2:43  Queen  
  32  2:48  Drone  
  32  2:51  Overlord  
  33  2:55  Drone  
  33  2:58  Drone  
  35  3:01  Drone  
  36  3:08  Overlord  
  36  3:09  Queen  
  36  3:12  Drone  
  38  3:13  Drone  
  38  3:15  Drone  
  38  3:18  Drone  
  38  3:19  Drone  
  42  3:26  Queen  
  44  3:28  Drone  
  44  3:29  Drone  
  44  3:32  Drone  
  47  3:37  Drone  
  48  3:42  Overlord  
  48  3:46  Queen  
  48  3:48  Drone  
  51  3:49  Spore Crawler  
  51  3:50  Drone x2  
  52  3:56  Spore Crawler  
  52  3:59  Drone x3  
  52  4:02  Drone x2  
  56  4:12  Drone x2  
  57  4:18  Overlord, Spore Crawler  
  57  4:19  Overlord x2  
  57  4:23  Evolution Chamber  
  55  4:29  Zergling x6  
  57  4:33  Drone  
  57  4:35  Drone x2  
  57  4:37  Drone x3  
  57  4:38  Drone  
  60  4:41  Drone  
  61  4:47  Drone x2  
  61  4:51  Drone x4  
  67  4:53  Zerg Melee Weapons Level 1  
  67  4:57  Drone x3  
  70  5:04  Overlord  
  70  5:06  Hatchery  
  69  5:21  Drone  
  69  5:22  Drone x4  
  69  5:27  Zergling x20  
  82  5:33  Overlord  
  82  5:35  Lair  
  82  5:36  Extractor  
  82  5:37  Roach Warren  
  82  5:38  Drone  
  82  5:39  Drone  
  82  5:40  Overlord  
  81  5:44  Overlord  
  81  5:48  Overlord x2  
  81  5:52  Drone  
  81  5:53  Drone x4  
  86  5:57  Extractor, Drone x2  
  86  5:58  Extractor  
  86  6:02  Drone  
  87  6:07  Drone  
  87  6:08  Drone x3  
  87  6:09  Extractor  
  87  6:10  Extractor  
  89  6:12  Overlord  
  89  6:13  Drone x4  
  89  6:17  Baneling Nest  
  92  6:23  Roach x6  
  92  6:24  Evolution Chamber  
  103  6:31  Queen  
  105  6:33  Queen  
  105  6:37  Overseer  
  105  6:38  Glial Reconstitution  
  105  6:39  Roach x5  
  117  6:43  Overlord  
  116  6:48  Roach  
  116  6:49  Roach x5  
  116  6:53  Drone x4  
  132  6:58  Drone  
  132  6:59  Drone  
  132  7:00  Infestation Pit  
  132  7:01  Drone x3  
  135  7:03  Drone  
  135  7:05  Drone  
  135  7:08  Zerg Melee Weapons Level 2  
  137  7:11  Drone  
  137  7:12  Drone x4  
  142  7:19  Overlord  
  142  7:20  Centrifugal Hooks  
  142  7:25  Hatchery  
  141  7:31  Spore Crawler  
  141  7:33  Extractor, Overlord x4  
  139  7:38  Hive  
  139  7:40  Drone x2  
  139  7:41  Drone  
  142  7:48  Roach x2, Zergling x12  
  152  7:54  Overseer  
  151  7:58  Zergling x22  
  151  8:03  Ravager x2  
  151  8:04  Ravager  
  151  8:05  Overlord x2  
  165  8:08  Zergling x10  
  165  8:10  Baneling x3  
  165  8:11  Baneling x2  
  170  8:14  Zergling x2  
  170  8:15  Zergling x6  
  170  8:17  Zergling x4  
  176  8:23  Zergling x12  
  182  8:33  Overlord  
  181  8:35  Zergling x14  
  181  8:36  Baneling x4  
  181  8:38  Overlord  
  181  8:40  Baneling  
  181  8:41  Baneling  
  188  8:42  Roach x2  
  192  8:48  Baneling x11  
  192  8:53  Adrenal Glands, Viper x2  
  198  8:57  Baneling x6  
  198  8:58  Baneling  
  198  9:04  Baneling x5  
  198  9:05  Zergling x2  
  199  9:17  Baneling x9  
  199  9:25  Baneling  
  199  9:26  Baneling x6  
  199  9:35  Baneling x7  
  199  9:46  Baneling x8  
  199  9:50  Zergling x2  
  200  9:53  Baneling x4  
  200  10:01  Spine Crawler  
  200  10:02  Spine Crawler  
  197  10:07  Zerg Missile Weapons Level 1  
  189  10:22  Zergling x22  
  194  10:57  Zergling x10  
  183  11:09  Roach x15  
  178  11:17  Roach  
  178  11:18  Roach x3, Zergling x6  
  183  11:19  Overlord x3  
  183  11:24  Spine Crawler  
  181  11:27  Baneling x4  
  181  11:32  Baneling x4  
  181  11:35  Evolution Chamber  
  180  11:40  Overlord, Baneling x6  
  180  11:42  Spire, Zergling x38  
  176  11:56  Zergling x30  
  176  11:57  Zergling x4  
  172  12:01  Zerg Melee Weapons Level 3  
  172  12:02  Zergling x10  
  172  12:03  Zergling x12  
  159  12:12  Zergling x6  
  159  12:13  Baneling x6  
  159  12:15  Viper x2  
  148  12:21  Roach x7  
  155  12:24  Drone  
  155  12:29  Baneling x14  
  156  12:38  Baneling x9  
  156  12:42  Zergling x14  
  156  12:43  Hatchery  
  162  12:46  Hatchery  
  162  12:47  Ravager  
  162  12:48  Ravager  
  163  12:51  Drone  
  163  12:52  Drone x4  
  160  13:08  Drone x5  
  160  13:12  Zergling x16  
  173  13:20  Zergling x12  
  165  13:33  Zergling x20  
  134  13:46  Roach x4  
  125  13:49  Roach x3  
  125  13:55  Zergling x10  
  123  14:01  Zergling x8  
  112  14:13  Roach x6  
  112  14:19  Zergling x8  
  112  14:22  Queen  
  95  14:32  Roach x5, Zergling x2  
Show
View Real Time Build Order
Export as new Build Order

Jieshi Protoss - Winner!

Build Orders: 1 Gate Expand, Oracle Opening, Zealot Archon 

Get SALT Encoding   

  12  0:00  Probe  
  13  0:13  Probe  
  14  0:20  Pylon  
  14  0:25  Probe  
  15  0:38  Probe (Chrono Boost)  
  15  0:40  Gateway  
  16  0:47  Probe (Chrono Boost)  
  16  0:49  Assimilator  
  17  0:53  Probe  
  18  1:05  Probe  
  19  1:17  Probe  
  20  1:26  Nexus  
  20  1:36  Cybernetics Core  
  20  1:38  Probe  
  21  1:44  Assimilator  
  21  1:50  Probe  
  21  1:53  Pylon  
  22  2:02  Probe  
  23  2:12  Adept  
  23  2:14  Probe (Chrono Boost)  
  26  2:18  Stargate  
  27  2:23  Probe (Chrono Boost)  
  27  2:26  Warp Gate  
  27  2:28  Probe (Chrono Boost)  
  28  2:38  Probe (Chrono Boost)  
  28  2:42  Adept  
  32  2:46  Probe (Chrono Boost)  
  32  2:49  Probe (Chrono Boost)  
  33  2:54  Probe x2 (Chrono Boost)  
  35  3:05  Probe, Void Ray (Chrono Boost)  
  40  3:06  Probe  
  40  3:12  Pylon  
  41  3:17  Probe  
  41  3:18  Probe  
  43  3:29  Probe  
  43  3:30  Probe  
  43  3:32  Oracle (Chrono Boost)  
  48  3:40  Nexus  
  48  3:44  Pylon  
  48  3:45  Probe  
  48  3:47  Probe  
  50  3:52  Gateway  
  50  3:57  Probe  
  50  3:59  Probe  
  50  4:00  Oracle (Chrono Boost)  
  52  4:09  Probe  
  56  4:11  Probe  
  56  4:14  Adept  
  59  4:21  Probe, Shield Battery  
  59  4:23  Probe  
  59  4:25  Assimilator  
  59  4:27  Assimilator  
  59  4:29  Pylon  
  59  4:34  Probe  
  59  4:35  Probe  
  61  4:42  Twilight Council  
  61  4:46  Probe, Forge  
  61  4:47  Probe  
  61  4:52  Gateway  
  63  4:54  Gateway  
  63  4:55  Probe  
  63  4:58  Probe, Robotics Facility  
  66  5:00  Probe (Chrono Boost), Sentry  
  68  5:07  Probe (Chrono Boost)  
  68  5:10  Probe (Chrono Boost)  
  68  5:13  Probe (Chrono Boost)  
  71  5:18  Probe (Chrono Boost)  
  71  5:20  Probe (Chrono Boost)  
  71  5:21  Probe (Chrono Boost)  
  74  5:23  Probe (Chrono Boost)  
  74  5:24  Probe (Chrono Boost)  
  76  5:30  Blink  
  76  5:32  Probe  
  76  5:33  Probe, Sentry  
  76  5:34  Sentry  
  82  5:35  Assimilator  
  82  5:36  Probe  
  82  5:38  Assimilator  
  82  5:40  Gateway, Protoss Ground Weapons Level 1 (Chrono Boost)  
  82  5:42  Gateway  
  83  5:45  Photon Cannon  
  83  5:48  Probe x2, Pylon  
  85  5:52  Pylon  
  85  5:56  Pylon  
  85  5:59  Robotics Bay  
  85  6:06  Probe x2, Observer  
  85  6:07  Probe  
  89  6:15  Gateway  
  89  6:17  Gateway  
  89  6:20  Pylon  
  89  6:26  Pylon  
  89  6:29  Stalker x2  
  89  6:30  Stalker x2  
  89  6:31  Probe  
  98  6:42  Nexus  
  98  6:43  Pylon  
  98  6:46  Pylon, Colossus (Chrono Boost)  
  98  6:48  Extended Thermal Lance (Chrono Boost)  
  104  6:56  Pylon  
  104  7:01  Photon Cannon  
  104  7:03  Shield Battery  
  104  7:08  Photon Cannon  
  104  7:10  Shield Battery  
  104  7:12  Gateway  
  104  7:14  Probe, Templar Archives  
  104  7:15  Probe x2, Gateway  
  107  7:18  Pylon  
  107  7:29  Colossus (Chrono Boost)  
  107  7:33  Probe x3  
  116  7:45  Assimilator  
  116  7:46  Gateway, Assimilator  
  116  7:48  Gateway  
  116  7:50  Pylon  
  116  7:53  High Templar x3  
  116  7:54  High Templar x2  
  116  7:55  High Templar  
  116  7:57  Archon  
  128  7:58  Archon x2  
  128  8:04  Photon Cannon  
  128  8:05  Shield Battery  
  128  8:06  Probe x4, Pylon  
  132  8:15  Photon Cannon  
  132  8:18  Probe x3  
  132  8:19  Probe  
  136  8:20  Colossus (Chrono Boost)  
  136  8:21  Shield Battery  
  142  8:36  Protoss Ground Weapons Level 2 (Chrono Boost)  
  142  8:38  High Templar  
  142  8:39  High Templar x3  
  150  8:46  Probe  
  151  8:50  Pylon  
  151  8:53  Charge (Chrono Boost)  
  151  8:54  Archon x2  
  151  8:57  Gateway  
  151  8:58  Probe  
  151  9:01  Zealot x2, Gateway  
  156  9:04  Warp Prism (Chrono Boost), Zealot  
  156  9:05  Zealot x5  
  170  9:12  Zealot  
  172  9:27  Nexus  
  172  9:29  Pylon  
  172  9:30  High Templar x4  
  172  9:31  High Templar x2  
  182  9:32  Pylon, Zealot x3  
  182  9:33  Zealot x3  
  182  9:36  Pylon, Archon  
  182  9:37  Archon  
  196  9:38  Archon  
  196  9:47  Photon Cannon  
  196  9:49  Shield Battery  
  196  9:52  Zealot  
  196  9:53  Zealot  
  200  10:15  Photon Cannon  
  200  10:16  Gateway, Shield Battery  
  200  10:19  Gateway  
  182  10:25  Zealot x4  
  182  10:26  Zealot x5  
  182  10:27  Zealot  
  200  10:40  Protoss Ground Weapons Level 3 (Chrono Boost)  
  196  11:01  Disruptor (Chrono Boost)  
  171  11:08  Zealot x3  
  171  11:09  Zealot x5  
  171  11:10  Zealot x6  
  128  11:18  Probe  
  128  11:24  Zealot x2  
  132  11:29  Fleet Beacon  
  132  11:30  Probe, High Templar x3  
  132  11:31  High Templar x2  
  132  11:32  High Templar, Zealot x2  
  151  11:33  Stargate, Zealot x3  
  151  11:34  Zealot x3  
  151  11:36  Archon x3  
  151  11:37  Stargate  
  167  11:40  Disruptor (Chrono Boost)  
  148  11:56  Stalker x4  
  148  11:57  Zealot, Stalker x2  
  148  11:58  Zealot x3  
  146  12:08  Disruptor (Chrono Boost)  
  122  12:12  Probe  
  122  12:14  Pylon  
  126  12:16  Zealot x4  
  126  12:17  Zealot x3  
  126  12:18  Photon Cannon  
  126  12:20  Shield Battery  
  126  12:24  Probe, Carrier x2 (Chrono Boost)  
  143  12:31  High Templar x4  
  143  12:36  Assimilator  
  151  12:38  Archon, Carrier (Chrono Boost)  
  151  12:40  High Templar x2, Archon, Assimilator  
  151  12:42  Disruptor  
  158  12:45  Archon  
  158  12:48  Zealot x5  
  158  12:49  Zealot x3  
  174  12:53  Zealot  
  174  12:54  Zealot  
  159  13:04  Zealot  
  159  13:05  Probe  
  147  13:06  Probe  
  147  13:12  High Templar x2  
  152  13:17  Probe  
  152  13:18  Archon, Carrier (Chrono Boost)  
  152  13:19  Zealot  
  161  13:21  Zealot  
  159  13:29  Probe, Zealot x2, Stalker  
  136  13:35  Zealot x3  
  136  13:36  Zealot x2  
  135  13:41  Probe  
  135  13:43  Zealot x3  
  132  13:49  High Templar x3  
  132  13:50  High Templar  
  132  13:52  Zealot  
  132  13:53  Probe, Archon  
  131  13:59  Zealot x2, Archon  
  131  14:01  Zealot x3  
  112  14:17  Zealot x3  
  112  14:18  Zealot x3  
  112  14:28  High Templar x2  
  112  14:29  High Templar x2  
  112  14:30  High Templar  
  112  14:31  High Templar, Zealot x3  
  118  14:34  Archon x2  
  118  14:35  Archon  
  114  14:46  Zealot x4  
  114  14:47  Zealot  
  112  15:00  High Templar x2  
  112  15:01  Probe (Chrono Boost), High Templar x2  
  112  15:02  Zealot  
  112  15:03  Zealot x3  
  112  15:05  Archon  
  129  15:07  Archon  
  129  15:10  Probe (Chrono Boost)  
Tags
 
Add a new tag
Caveats
  • Supply blocks, unpowered buildings, or Contaminate may cause inaccurate times.
  • Supply counts are checked every 10 seconds.